Map: Echo LE (Void)

Players

NightEnD

  • Race: Protoss Protoss

Bop - Winner!

  • Race: Zerg Zerg

VOD

Have the link to the VOD?

Description

Time

  • Played on: May 3, 2015, 5:03 a.m.
  • Length: 10:13
Show
View Real Time Build Order
Export as new Build Order

NightEnD Protoss 

Build Orders: 1 Gate Expand, Mass Adepts 

Get SALT Encoding   

  12  0:00  Probe  
  13  0:14  Pylon  
  13  0:17  Probe  
  14  0:32  Probe (Chrono Boost)  
  15  0:36  Gateway  
  15  0:42  Probe (Chrono Boost)  
  16  0:46  Assimilator  
  16  0:49  Probe  
  17  1:01  Probe (Chrono Boost)  
  19  1:12  Probe (Chrono Boost)  
  19  1:19  Probe, Nexus  
  20  1:27  Pylon  
  20  1:31  Probe (Chrono Boost)  
  21  1:36  Assimilator  
  21  1:39  Assimilator  
  21  1:43  Probe (Chrono Boost)  
  22  1:52  Probe (Chrono Boost)  
  23  1:56  Cybernetics Core  
  23  1:59  Zealot  
  25  2:03  Probe (Chrono Boost)  
  27  2:15  Probe (Chrono Boost)  
  28  2:22  Probe (Chrono Boost)  
  28  2:31  Probe  
  28  2:32  Probe  
  28  2:33  Sentry  
  28  2:35  Warp Gate  
  32  2:43  Probe (Chrono Boost)  
  33  2:49  Probe (Chrono Boost)  
  34  2:54  Probe (Chrono Boost)  
  34  2:57  Pylon  
  36  3:00  Probe x2 (Chrono Boost)  
  37  3:11  Probe (Chrono Boost)  
  39  3:13  Sentry  
  39  3:14  Probe (Chrono Boost)  
  39  3:17  Gateway  
  39  3:18  Probe (Chrono Boost), Gateway  
  42  3:21  Pylon  
  42  3:24  Probe (Chrono Boost)  
  43  3:29  Probe (Chrono Boost)  
  45  3:37  Probe x2 (Chrono Boost)  
  45  3:39  Forge  
  46  3:43  Twilight Council  
  46  3:46  Probe x2 (Chrono Boost)  
  48  3:49  Pylon  
  48  3:51  Assimilator  
  48  3:54  Assimilator  
  48  3:55  Probe x2 (Chrono Boost)  
  50  3:59  Pylon  
  50  4:02  Mothership Core, Pylon  
  52  4:03  Probe  
  53  4:14  Protoss Ground Weapons Level 1 (Chrono Boost)  
  53  4:15  Probe  
  54  4:23  Probe  
  55  4:27  Probe  
  56  4:36  Probe  
  57  4:38  Adept  
  57  4:39  Probe, Adept x2  
  57  4:44  Shield Upgrade  
  64  4:48  Probe, Robotics Facility  
  64  4:51  Probe  
  66  5:00  Probe  
  66  5:01  Adept x3  
  66  5:04  Probe  
  74  5:12  Probe  
  75  5:16  Probe  
  76  5:24  Probe  
  77  5:28  Probe  
  77  5:32  Stalker x3  
  77  5:35  Pylon  
  84  5:43  Pylon  
  84  5:44  Pylon  
  84  5:52  Pylon  
  84  5:53  Probe  
  84  5:54  Pylon  
  85  6:04  Stalker x2  
  85  6:05  Stalker  
  88  6:21  Nexus  
  88  6:27  Robotics Bay  
  88  6:28  Charge (Chrono Boost)  
  88  6:29  Protoss Ground Weapons Level 2 (Chrono Boost)  
  88  6:35  Gateway  
  88  6:37  Gateway  
  88  6:39  Gateway x2  
  88  6:42  Gateway  
  88  7:15  Pylon  
  88  7:17  Nexus, Pylon  
  88  7:18  Pylon  
  88  7:42  Adept  
  88  7:43  Adept x2  
  94  7:47  Pylon  
  94  7:49  Pylon  
  94  7:50  Pylon  
  94  7:56  Pylon  
  94  8:00  Pylon  
  94  8:07  Adept  
  94  8:08  Adept x6  
  94  8:09  Adept  
  108  8:23  Gateway, Nexus  
  106  8:40  Robotics Facility  
  105  8:55  Templar Archives  
  105  9:28  Observer  
  106  9:36  High Templar x2  
  106  9:37  High Templar x2  
Show
View Real Time Build Order
Export as new Build Order

Bop Zerg - Winner!

Build Orders: Hatch First, Lurkers 

Get SALT Encoding   

  12  0:01  Drone  
  13  0:10  Drone  
  14  0:17  Overlord  
  14  0:24  Extractor  
  14  0:26  Drone  
  15  0:38  Drone x2  
  17  0:45  Drone  
  18  0:56  Hatchery  
  17  1:00  Drone  
  18  1:04  Extractor  
  17  1:14  Spawning Pool  
  17  1:18  Drone  
  17  1:21  Drone  
  18  1:27  Drone  
  19  1:38  Drone  
  20  2:01  Queen  
  20  2:05  Metabolic Boost  
  22  2:08  Queen  
  22  2:10  Zergling x4  
  22  2:11  Overlord  
  26  2:21  Drone x2  
  28  2:35  Drone x2  
  30  2:40  Lair  
  30  2:42  Drone x2  
  32  2:47  Drone  
  33  2:52  Drone  
  33  2:56  Overlord  
  34  3:06  Drone x2  
  34  3:10  Overlord  
  36  3:14  Queen  
  38  3:20  Drone x6  
  44  3:28  Extractor  
  44  3:29  Extractor  
  44  3:31  Overlord  
  42  3:39  Overlord  
  45  3:41  Drone x3  
  45  3:43  Infestation Pit  
  45  3:44  Overlord  
  44  3:55  Drone x6  
  50  4:04  Burrow  
  50  4:05  Drone x3  
  53  4:11  Overlord  
  53  4:13  Extractor  
  55  4:29  Overseer  
  61  4:42  Zergling x8  
  61  4:43  Zergling x4  
  67  4:47  Overlord  
  72  5:11  Overlord  
  72  5:12  Overlord  
  75  5:26  Overlord x2  
  75  5:31  Hydralisk Den  
  75  5:32  Hive  
  76  5:57  Lurker Den  
  76  6:00  Zergling x2  
  76  6:01  Zergling x16  
  84  6:13  Hydralisk x5  
  92  6:30  Hydralisk x3  
  97  6:46  Hydralisk  
  97  6:47  Hydralisk x3  
  93  6:51  Overlord x3  
  102  7:01  Zergling x6  
  104  7:09  Overlord x2  
  104  7:23  Lurker x4  
  104  7:26  Zergling x2  
  104  7:27  Zergling x8  
  104  7:29  Overlord  
  113  7:35  Lurker  
  114  7:38  Zergling x6  
  117  7:50  Hatchery, Hydralisk x3  
  119  7:51  Extractor  
  119  7:53  Extractor  
  116  8:06  Lurker x2  
  116  8:07  Zergling x12  
  124  8:15  Lurker  
  124  8:19  Queen x2  
  126  8:50  Zergling x2  
  126  8:51  Zergling x10  
  132  8:58  Overseer  
  132  8:59  Overseer  
  132  9:00  Overseer  
  132  9:03  Hydralisk  
  132  9:04  Hydralisk x4  
  142  9:11  Overlord x2  
  142  9:16  Ultralisk Cavern  
  141  9:31  Overlord  
  141  9:48  Evolution Chamber, Zergling x26  
Tags
 
Add a new tag
Caveats
  • Supply blocks, unpowered buildings, or Contaminate may cause inaccurate times.
  • Supply counts are checked every 10 seconds.